 Dungeon Crawl Stone Soup version 0.20.0-8-g6b59dc7 (webtiles) character file.

513 Chiseanne the Magician (level 7, 46/46 HPs)
             Began as a Demonspawn Wizard on May 30, 2017.
             Quit the game on level 4 of the Dungeon.
             The game lasted 00:07:01 (4488 turns).

Chiseanne the Magician (Demonspawn Wizard)          Turns: 4488, Time: 00:07:02

Health: 46/46      AC:  2    Str:  7    XL:     7   Next: 0%
Magic:  21/24      EV: 12    Int: 22    God:
Gold:   187        SH:  0    Dex: 18    Spells: 8/17 levels left

rFire    . . .     SeeInvis .   a - +3 rapier "Toupni Atuo" {venom, MP+9 Dex+4}
rCold    . . .     Gourm    .   (no shield)
rNeg     . . .     Faith    .   s - +0 robe
rPois    .         Spirit   .   (helmet restricted)
rElec    .         Reflect  .   (no cloak)
rCorr    .         Harm     .   (no gloves)
MR       .....                  (no boots)
Stlth    ++........             (no amulet)
Regen    0.2/turn               b - +3 ring of dexterity
MPRegen  0.2/turn               (no ring)

@: no status effects
A: antennae 1, foul stench 1, powered by pain 1, rot immunity, sturdy frame 1
a: no special abilities


You were on level 4 of the Dungeon.
You were hungry.

You visited 1 branch of the dungeon, and saw 4 of its levels.

You collected 187 gold pieces.

Inventory:

Hand Weapons
 a - the +3 rapier "Toupni Atuo" (weapon) {venom, MP+9 Dex+4}
   (You found it on level 4 of the Dungeon)

   It poisons the flesh of those it strikes.
   It affects your dexterity (+4).
   It affects your magic capacity (+9).
Missiles
 c - 12 bolts
 e - 91 stones (quivered)
 h - 15 sling bullets
 m - 7 poisoned needles
 p - 27 arrows
Armour
 r - a +0 helmet
 s - a +0 robe (worn)
Jewellery
 b - a +3 ring of dexterity (left hand)
Wands
 f - a wand of paralysis (9/24)
Scrolls
 g - 2 scrolls of teleportation
 j - a scroll of remove curse
 n - a scroll of recharging
 q - a scroll of random uselessness {unknown}
 u - a scroll of identify
Potions
 i - a potion of lignification
 k - a potion of berserk rage {unknown}
 l - 2 potions of ambrosia
 o - a potion of curing {unknown}
 t - a potion of cancellation
 v - 2 potions of haste {unknown}
Comestibles
 d - 4 bread rations


   Skills:
 - Level 1.7 Dodging
 - Level 1.7 Stealth
 * Level 5.5 Spellcasting
 * Level 5.2 Conjurations
   Level 1.0 Summonings
 - Level 0.8 Translocations


You had 8 spell levels left.
You knew the following spells:

 Your Spells              Type           Power        Failure   Level  Hunger
a - Magic Dart            Conj           ####         1%          1    None
b - Blink                 Tloc           N/A          10%         2    None
c - Conjure Flame         Conj/Fire      ###.....     10%         3    ##.....
d - Mephitic Cloud        Conj/Pois/Air  ##......     14%         3    ##.....


Dungeon Overview and Level Annotations

Branches:
Dungeon (4/15)
 Temple: D:4-7

Altars:
Ashenzari

Annotations:
D:3 Chiseanne's ghost, amateur DsWz


Innate Abilities, Weirdness & Mutations

You have a pair of small antennae on your head.
You may emit foul miasma when damaged in melee.
You sometimes gain a little power by taking damage.
You are immune to rotting.
Your movements are slightly less encumbered by armour. (ER -2)


Message History

Casting: Magic Dart
Confirm with . or Enter, or press ? or * to list all spells.
Aiming: Magic Dart
Press: ? - help, Shift-Dir - straight line, f - orc
Aim: an orc The magic dart hits the orc.
The orc is heavily wounded.
The orc wizard shouts!
Casting: Magic Dart
Confirm with . or Enter, or press ? or * to list all spells.
Aiming: Magic Dart
Press: ? - help, Shift-Dir - straight line, f/p - orc
Aim: an orc (heavily wounded)
The magic dart hits the orc.
You kill the orc!
You have reached level 7!
Your demonic ancestry asserts itself...
A pair of antennae grows on your head!
Your +0 helmet falls away!
Are you sure you want to abandon this character and quit the game? (Confirm with "yes".)

............### ##.#
..............##
#..#
...............#
#.##
#..............###.#
#...............#.##
##..............#.#
##................#
###............#.##
.##...........##@#
.###.........##..#
.# #........###.##
..###.....####.)#
..# ##..>## #.o. ..#
##### #...[ ...#
...... #..# ......o.
#### #........


You could see an orc wizard.

Vanquished Creatures
  2 phantoms (D:4)
  2 scorpions (D:4)
  2 hounds (D:4)
  2 worker ants (D:4)
  A hound skeleton (D:4)
  4 adders
  3 worms
  3 dart slugs (D:1)
  2 leopard geckos
  3 orcs (D:4)
  3 giant cockroaches
  11 goblins
  6 hobgoblins
  2 jackals (D:1)
  4 kobolds
  A quokka (D:4)
  9 bats
  4 frilled lizards
  4 rats
68 creatures vanquished.

Notes
Turn   | Place    | Note
-------+----------+-------------------------------------------
     0 | D:1      | Chiseanne the Demonspawn Wizard began the quest for the Orb.
     0 | D:1      | Reached XP level 1. HP: 13/13 MP: 4/4
   293 | D:1      | Gained mutation: You are immune to rotting. [demonic ancestry]
   293 | D:1      | Reached XP level 2. HP: 19/19 MP: 3/6
   804 | D:1      | Reached XP level 3. HP: 17/24 MP: 1/8
  1531 | D:2      | Gained mutation: You sometimes gain a little power by taking damage. [demonic ancestry]
  1531 | D:2      | Reached XP level 4. HP: 30/30 MP: 2/9
  1695 | D:2      | Found a shattered altar of Ashenzari.
  2371 | D:2      | Found a faded altar of an unknown god.
  2500 | D:3      | Noticed Chiseanne's ghost (amateur DsWz)
  2749 | D:4      | Learned a level 2 spell: Blink
  2753 | D:4      | Learned a level 3 spell: Conjure Flame
  2758 | D:4      | Learned a level 3 spell: Mephitic Cloud
  3029 | D:4      | Gained mutation: Your movements are slightly less encumbered by armour. (ER -2) [demonic ancestry]
  3029 | D:4      | Reached XP level 5. HP: 23/35 MP: 1/11
  3355 | D:4      | Noticed a phantom
  3386 | D:4      | Killed a phantom
  3386 | D:4      | Gained mutation: You may emit foul miasma when damaged in melee. [demonic ancestry]
  3386 | D:4      | Reached XP level 6. HP: 13/41 MP: 0/13
  3689 | D:4      | Reached skill level 5 in Spellcasting
  3898 | D:4      | Got an ancient rapier
  3899 | D:4      | Identified the +3 rapier "Toupni Atuo" {venom, MP+9 Dex+4} (You found it on level 4 of the Dungeon)
  4293 | D:4      | Reached skill level 5 in Conjurations
  4487 | D:4      | Gained mutation: You have a pair of small antennae on your head. [demonic ancestry]
  4487 | D:4      | Reached XP level 7. HP: 46/46 MP: 15/15
  4488 | D:4      | Quit the game

Skill      XL: |  1  2  3  4  5  6 |
---------------+-------------------+-----
Conjurations   | 2 3 4 5 |  5.2
Spellcasting   | 4 5 |  5.5
Dodging        | |  1.7
Stealth        | |  1.7
Summonings     | |  1.0
Translocations | |  0.8

Action                   |  1- 3 |  4- 6 |  7- 9 || total
-------------------------+-------+-------+-------++-------
Melee: Club              |     1 |       |       ||     1
       Hand axe          |     8 |       |       ||     8
       Mace              |       |    11 |       ||    11
       Rapier            |       |     7 |       ||     7
Throw: Stone             |       |     2 |       ||     2
 Cast: Magic Dart        |    83 |   154 |     1 ||   238
       Conjure Flame     |       |     1 |       ||     1
Evoke: Wand              |       |     1 |       ||     1
  Use: Scroll            |       |     8 |       ||     8
 Stab: Paralysed         |       |     7 |       ||     7
  Eat: Chunk             |     2 |     6 |       ||     8
       Royal jelly       |       |     1 |       ||     1
Armor: Robe              |     4 |    11 |       ||    15
Dodge: Dodged            |    20 |    31 |       ||    51
